 Dungeon Crawl Stone Soup version 0.29.0-11-gd7f09526c8 (webtiles) character file.

Game seed: 12849991766011370047

1357 sanka the Magician (level 8, 0/58 HPs)
             Began as a Djinni Artificer on Sept 4, 2022.
             Was an Initiate of Makhleb.
             Slain by a wight
             ... wielding a +2 halberd of freezing
              (3 damage)
             ... on level 6 of the Dungeon.
             The game lasted 00:09:21 (5242 turns).

sanka the Magician (Djinni Artificer)               Turns: 5242, Time: 00:09:22

Health: 0/58       AC:  4    Str: 11    XL:     8   Next: 95%
Gold:   472        EV: 14    Int: 14    God:    Makhleb [......] SH:  0 Dex: 15

rFire   + + +      SeeInvis +   r - +3 scythe (vorpal)
rCold   x . .      Faith    .   (shield currently unavailable)
rNeg    . . .      Spirit   .   x - +2 robe {Will+}
rPois   ∞          Reflect  .   (no helmet)
rElec   .          Harm     .   (no cloak)
rCorr   .          Rampage  .   (no gloves)
Will    +....                   (boots unavailable)
Stlth   ++........              m - amulet of regeneration
HPRegen 0.99/turn               b - ring of protection from fire
MPRegen 0.00/turn               y - ring of see invisible

@: flying
A: sickness immunity, fire resistance 2, cold vulnerability 1, float, innate
caster, HP casting, extra vitality 1
a: Renounce Religion


You were on level 6 of the Dungeon.
You worshipped Makhleb.
Makhleb was noncommittal.
You visited 2 branches of the dungeon, and saw 7 of its levels.

You collected 810 gold pieces.
You spent 338 gold pieces at shops.


Innate Abilities, Weirdness & Mutations

You are immune to sickness and miasma.
You are immune to poison.
Your flesh is very heat resistant. (rF++)
You are vulnerable to cold. (rC-)
You float through the air rather than walking.
You learn spells naturally, not from books.
Your magical power is your life essence.
You have superior vitality. (+4 MHP)


   Skills:
 + Level 4.3 Fighting
 - Level 1.0 Armour
 + Level 5.1 Dodging
 - Level 0.7 Stealth
 * Level 6.2 Spellcasting
 - Level 3.0 Evocations


You had 14 spell levels left.
You knew the following spells:

 Your Spells              Type           Power      Damage    Failure   Level
y - Scorch                Fire           42%        2d7       1%          2
z - Sting                 Tmut/Pois      84%        1d7       1%          1
N - Passwall              Tmut/Erth      17%        N/A       1%          2
Your spell library was empty.

Inventory:

Hand Weapons
 r - a +3 vorpal scythe (weapon)
Missiles
 t - a throwing net {=f}
Armour
 x - a +2 robe of willpower (worn)
Magical Staves
 j - a staff of fire
Jewellery
 b - a ring of protection from fire (left hand)
 m - an amulet of regeneration (around neck)
 y - a ring of see invisible (right hand)
Wands
 c - a wand of flame (10)
 d - a wand of charming (8)
 e - a wand of iceblast (5)
 p - a wand of paralysis (9)
 q - a wand of polymorph (7)
Scrolls
 g - 2 scrolls of butterflies
 h - 2 scrolls of teleportation {@r4}
 l - 2 scrolls of enchant weapon
 o - 2 scrolls of fear
 s - a scroll of enchant armour
 v - a scroll of magic mapping
Potions
 a - a potion of magic {unknown}
 f - a potion of cancellation {unknown}
 i - a potion of might {unknown}
 k - 2 potions of heal wounds {unknown}
 n - a potion of flight {unknown}
 u - 4 potions of curing {@q1}
 z - a potion of degeneration {unknown}

Dungeon Overview and Level Annotations

Branches:
Dungeon (6/15)             Temple (1/1) D:4

Altars:
Dithmenos
Elyvilon
Fedhas
Gozag
Hepliaklqana
Makhleb
Nemelex Xobeh
Okawaru
Qazlal
Ru
Xom
Yredelemnul
Zin

Shops:
D:3 * D:4

[ .........
.................▒
.................▒▒▒
.........z.........▒
................[▒.▒▒▒▒.
.......................>
......!.)z.........).▒▒.
.......).........▒▒▒.▒▒.
.......R......<..▒ ▒.▒▒.
.................▒ ▒..▒.
.................▒ ▒▒.▒.
.................▒ ▒.▒.
......)..........▒ ▒...
.................▒ ▒▒..
.................▒ ▒..
.................▒▒▒ ▒▒.
...................▒ ▒.


You could see 2 wights.


Message History

Flames lash the orc priest.
The orc priest is burned terribly!
The orc priest is severely wounded.
The orc priest misses you.
Flames lash the orc priest.
The orc priest is burned terribly!
You kill the orc priest!
Makhleb accepts your kill.
Flames lash the wight.
The wight is lightly damaged.
The wight's fire resistance burns away.
A wight comes into view. It is wielding a +3 halberd.
The wight hits you from afar with a +2 halberd of freezing!
The wight freezes you!
* * * LOW HITPOINT WARNING * * *
Flames lash the wight.
The wight is burned terribly!
The wight is heavily damaged.
* * * LOW HITPOINT WARNING * * *
The wight hits you from afar with a +2 halberd of freezing.
* * * LOW HITPOINT WARNING * * *
The wight freezes you.
* * * LOW HITPOINT WARNING * * *
Flames lash the wight.
The wight is heavily damaged.
* * * LOW HITPOINT WARNING * * *
The wight hits you from afar with a +2 halberd of freezing!
* * * LOW HITPOINT WARNING * * *
The wight freezes you.
You die...

Action                   |  1- 3 |  4- 6 |  7- 9 || total
-------------------------+-------+-------+-------++-------
Melee: Club              |   101 |       |       ||   101
       Punch             |     2 |       |       ||     2
       Spear             |    40 |    35 |       ||    75
       Unarmed           |       |     7 |       ||     7
       Halberd           |       |    19 |    12 ||    31
 Cast: Sting             |     4 |    65 |     3 ||    72
       Scorch            |       |       |    78 ||    78
Evoke: Wand              |     3 |     7 |     3 ||    13
  Use: Scroll            |       |     4 |     4 ||     8
 Stab: Distracted        |     1 |       |       ||     1
       Sleeping          |     1 |     1 |       ||     2
       Paralysed         |       |       |     2 ||     2
Armor: Leather armour    |    58 |    19 |       ||    77
       Skin              |       |    12 |       ||    12
       Robe              |       |       |     4 ||     4
Dodge: Dodged            |   109 |    70 |    45 ||   224

Levels and vault maps discovered:
D:1:      shiori_arrival_whats_in_store_for_you, layout_rooms,
          ebering_ecumenical_altar_box, chequers_serial_rivers_small_b,
          skrybe_limestone_x
D:2:      layout_loops_cross, serial_bayou, serial_bayou_crossing,
          serial_bayou_ford_a, serial_bayou_lagoon_a, serial_bayou_pond_e,
          serial_bayou_pond_c, serial_bayou_pond_a, minmay_misc_feat_diagonals,
          minmay_misc_feat_square
D:3:      layout_basic, serial_shops, shop, uniq_sigmund
D:4:      layout_basic, zin_angel, temple_green, serial_glass, glass_columns_a,
          glass_columns_b, item_on_display_a, feat_on_display, serial_shops,
          nicolae_stop_n_shop_1
D:5:      layout_layer_cave, nicolae_overflow_hidden_temple,
          ebering_ghost_rock_garden
D:6:      layout_basic, evilmike_ruin_ashenzari, grunt_decor_junction
Temple:   minmay_freezing_vapour_temple

Notes
Turn   | Place    | Note
-------+----------+-------------------------------------------
     0 | D:1      | sanka the Djinni Artificer began the quest for the Orb.
     0 | D:1      | Reached XP level 1. HP: 17/17 MP: 0/0
     8 | D:1      | Noticed a minotaur zombie
   349 | D:1      | Found a faded altar of an unknown god.
   363 | D:1      | Reached XP level 2. HP: 22/22 MP: 0/0
  1030 | D:1      | Reached skill level 2 in Fighting
  1149 | D:1      | Reached skill level 3 in Dodging
  1149 | D:1      | Reached XP level 3. HP: 11/28 MP: 0/0
  1149 | D:1      | Learned a level 1 spell: Sting
  1837 | D:2      | Reached skill level 1 in Spellcasting
  1876 | D:2      | Reached XP level 4. HP: 28/33 MP: 0/0
  2460 | D:3      | Reached skill level 2 in Spellcasting
  2662 | D:3      | Noticed Sigmund
  2707 | D:3      | Killed Sigmund
  2708 | D:3      | Reached skill level 3 in Spellcasting
  2708 | D:3      | Reached XP level 5. HP: 38/38 MP: 0/0
  2708 | D:3      | Learned a level 2 spell: Passwall
  2708 | D:3      | Reached XP level 6. HP: 43/43 MP: 0/0
  2899 | D:3      | Found Geovuschu's General Store.
  2912 | D:3      | Bought a scroll of enchant armour for 90 gold pieces
  2912 | D:3      | Bought a scroll of identify for 24 gold pieces
  2951 | D:3      | Reached skill level 4 in Spellcasting
  3462 | D:4      | Reached XP level 7. HP: 47/49 MP: 0/0
  3462 | D:4      | Learned a level 2 spell: Scorch
  3515 | D:4      | Found Weofiss's Antique Armour Shoppe.
  3668 | D:4      | Found a glowing silver altar of Zin.
  3669 | D:4      | Noticed an angel
  3843 | D:4      | Found a staircase to the Ecumenical Temple.
  3871 | Temple   | Entered the Ecumenical Temple
  3876 | Temple   | Became a worshipper of Makhleb the Destroyer
  4093 | D:5      | Entered Level 5 of the Dungeon
  4098 | D:5      | HP: 4/49 [centaur (6)]
  4102 | D:5      | Reached skill level 5 in Spellcasting
  4268 | D:5      | Reached skill level 3 in Fighting
  4268 | D:5      | Reached XP level 8. HP: 52/56 MP: 0/0
  4333 | D:5      | Reached skill level 4 in Dodging
  4440 | D:5      | Found a runed translucent gate.
  4441 | D:5      | Found a runed translucent gate.
  4443 | D:5      | Found a runed translucent gate.
  4650 | D:5      | Noticed windycow's ghost (amateur GnAM)
  4652 | D:5      | Identified a scroll of acquirement
  4653 | D:5      | Acquired 396 gold pieces
  4700 | D:4      | Bought a dazzling leather armour for 147 gold pieces
  4700 | D:4      | Identified the +2 leather armour of Gein Keu {rPois} (You
                  | bought it in a shop on level 4 of the Dungeon)
  4700 | D:4      | Bought an embroidered robe for 77 gold pieces
  4931 | D:5      | Killed windycow's ghost
  5064 | D:6      | Reached skill level 4 in Fighting
  5107 | D:6      | Reached skill level 6 in Spellcasting
  5110 | D:6      | Reached skill level 5 in Dodging
  5242 | D:6      | HP: 3/58 [wight/+2 halberd of freezing (14)]
  5242 | D:6      | Slain by a wight

Vanquished Creatures
  Sigmund (D:3)
  The ghost of windycow the Vexing, an amateur GnAM (D:5)
  A black bear (D:4)
  An ogre (D:5)
  A centaur (D:5)
  A phantom (D:6)
  3 scorpions
  A gnoll bouda (D:6)
  3 hounds
  2 jellies
  4 orc priests
  2 iguanas (D:5)
  An orc wizard (D:3)
  4 adders
  4 gnolls
  2 worms
  A dart slug (D:3)
  13 orcs
  7 ball pythons
  8 endoplasms
  3 giant cockroaches
  10 goblins
  6 hobgoblins
  5 jackals
  A quokka (D:2)
  4 bats
  6 frilled lizards
  4 kobolds
  4 rats
104 creatures vanquished.

Vanquished Creatures (collateral kills)
  2 gnolls (D:3)
2 creatures vanquished.

Vanquished Creatures (others)
  An orc (D:3)
  46 plants (D:2)
47 creatures vanquished.

Grand Total: 153 creatures vanquished
